 Dungeon Crawl Stone Soup version 0.24.0-123-gd5b16e6ec5 (webtiles) character file.

Game seed: 16547097764159049708, levelgen mode: deterministic

387 Delamore the Chopper (level 7, 0/52 HPs)
             Began as a Formicid Fighter on Jan 10, 2020.
             Slain by a phantom (1 damage)
             ... on level 4 of the Dungeon.
             The game lasted 00:03:30 (3266 turns).

Delamore the Chopper (Formicid Fighter)             Turns: 3266, Time: 00:03:31

Health: 0/52       AC: 11    Str: 23    XL:     7   Next: 7%
Magic:  0/7        EV:  4    Int: 12    God:
Gold:   213        SH:  9    Dex: 10    Spells: 6/6 levels left

rFire    . . .     SeeInvis +   t - +1 whip "Paeclug" {freeze, Fragile rN+ Int+5} (curse)
rCold    . . .     Gourm    .   c - +0 shield
rNeg     + . .     Faith    .   k - +0 plate armour (curse)
rPois    +         Spirit   +   (helmet unavailable)
rElec    .         Reflect  .   (no cloak)
rCorr    .         Harm     .   (no gloves)
MR       .....                  (no boots)
Stlth    ..........             u - amulet of guardian spirit
HPRegen  0.17/turn              v - ring of poison resistance
MPRegen  0.10/turn              (no ring)

@: no status effects
A: permanent stasis, dig shafts and tunnels, four strong arms, antennae 3
a: Dig, Shaft Self


You were on level 4 of the Dungeon.
You were not hungry.

You visited 1 branch of the dungeon, and saw 4 of its levels.

You collected 213 gold pieces.

Inventory:

Hand Weapons
 a - a +0 war axe
 t - the cursed +1 whip "Paeclug" (weapon) {freeze, Fragile rN+ Int+5}
   (You found it on level 4 of the Dungeon)

   It has been specially enchanted to freeze those struck by it, causing extra
   injury to most foes and up to half again as much damage against particularly
   susceptible opponents.
   It can also slow down cold-blooded creatures.
   It affects your intelligence (+5).
   It protects you from negative energy.
   It will be destroyed if unequipped.
   It has a curse placed upon it.
Missiles
 p - 4 atropa-tipped darts (quivered)
Armour
 b - a +0 scale mail
 c - a +0 shield (worn)
 k - a cursed +0 plate armour (worn)
Jewellery
 u - an amulet of guardian spirit (around neck)
 v - a ring of poison resistance (left hand)
Scrolls
 g - 2 scrolls of amnesia {unknown}
 i - 3 scrolls of remove curse {unknown}
 j - 4 scrolls of teleportation {unknown}
 m - a scroll of fear {unknown}
 o - 3 scrolls of fog {unknown}
 r - a scroll of magic mapping {unknown}
 s - 3 scrolls of identify {unknown}
Potions
 d - a potion of might
 e - a potion of haste {unknown}
 h - a potion of ambrosia {unknown}
 n - a potion of heal wounds {unknown}
 q - a potion of brilliance {unknown}
Comestibles
 f - 9 rations
 w - 4 chunks of flesh


   Skills:
 - Level 3.2 Fighting
 + Level 7.0 Axes
 - Level 3.2 Armour
 - Level 3.6 Shields


You had 6 spell levels left.
You didn't know any spells.
Your spell library was empty.

Dungeon Overview and Level Annotations

Branches:
Dungeon (4/15)
 Temple: D:4-7

Altars:
Ashenzari
Dithmenos
Makhleb
Ru
Wu Jian


Innate Abilities, Weirdness & Mutations

You cannot be hasted, slowed, berserked, paralysed or teleported.
You can dig through walls and to a lower floor.
Your four strong arms can wield two-handed weapons with a shield.
You have a pair of large antennae on your head. (SInv)


Message History

The phantom is almost destroyed.
You are too injured to fight recklessly!
The phantom blinks!
Found a ration.
You hit the phantom but do no damage.
The phantom is almost destroyed.
The phantom hits you.
* * * LOW HITPOINT WARNING * * *
Your plate armour prevents you from hitting the phantom.
The phantom is almost destroyed.
The phantom hits you.
* * * LOW HITPOINT WARNING * * *
You hit the phantom.
The phantom is almost destroyed.
The phantom hits you but does no damage.
Okay, then.
You hit the phantom.
The phantom is almost destroyed.
The phantom hits you.
You die...

######## #.....%#
#...((.# #....(.#
#....W.# #....@.#
.....
#......#......
#......#...... ###
#......#.).... #..
#......#...... #..
#....."...... #..
#####....#### #..
#.!..# #..
#....############.


You could see a phantom.

Vanquished Creatures
  A phantom (D:4)
  An orc priest (D:4)
  A bullfrog skeleton (D:4)
  A hound (D:4)
  An orc wizard (D:4)
  An iguana (D:4)
  A worker ant (D:4)
  3 gnolls (D:3)
  4 adders
  An ooze (D:3)
  A worm (D:3)
  3 leopard geckos
  2 orcs
  5 bats
  2 giant cockroaches
  6 goblins
  4 hobgoblins
  8 jackals
  2 ball pythons (D:3)
  12 frilled lizards
  4 kobolds
  5 rats
69 creatures vanquished.

Notes
Turn   | Place    | Note
-------+----------+-------------------------------------------
     0 | D:1      | Delamore the Formicid Fighter began the quest for the Orb.
     0 | D:1      | Reached XP level 1. HP: 18/18 MP: 1/1
   295 | D:1      | Reached XP level 2. HP: 19/24 MP: 2/2
   422 | D:1      | Reached skill level 3 in Axes
  1064 | D:2      | Reached XP level 3. HP: 29/29 MP: 3/3
  1259 | D:2      | Found a faded altar of an unknown god.
  1361 | D:2      | Found an ornate altar of the Wu Jian Council.
  1533 | D:2      | Found a shadowy altar of Dithmenos.
  1838 | D:3      | Reached skill level 4 in Axes
  1838 | D:3      | Reached XP level 4. HP: 29/35 MP: 4/4
  1864 | D:3      | Found a sacrificial altar of Ru.
  1934 | D:3      | Found a shattered altar of Ashenzari.
  1947 | D:3      | Reached XP level 5. HP: 24/41 MP: 5/5
  2172 | D:3      | Reached skill level 5 in Axes
  2578 | D:4      | Reached XP level 6. HP: 6/47 MP: 0/6
  2888 | D:4      | Noticed a phantom
  2916 | D:4      | Found a burning altar of Makhleb.
  2929 | D:4      | Reached skill level 6 in Axes
  2936 | D:4      | Killed a phantom
  2945 | D:4      | Got a scorched whip
  2947 | D:4      | Identified the cursed +1 whip "Paeclug" {freeze, Fragile
                  | rN+ Int+5} (You found it on level 4 of the Dungeon)
  3217 | D:4      | Noticed a phantom
  3255 | D:4      | Reached skill level 7 in Axes
  3255 | D:4      | Reached XP level 7. HP: 6/52 MP: 2/7
  3264 | D:4      | HP: 1/52 [phantom (3)]
  3266 | D:4      | Slain by a phantom

Levels and vault maps discovered:
D:1:      roderic_crop_circles_arrival_small, layout_loops_corners,
          kennysheep_flooded_box, minmay_statues_item, hex_medium,
          minmay_lizard_pond
D:2:      layout_basic, overflow_temple_1_default, lemuel_crystal_altar,
          chequers_ecumenical_altar_grove
D:3:      layout_rooms, nicolae_overflow_hidden_temple, evilmike_ruin_ashenzari,
          first_ration
D:4:      layout_basic, bloody_makhleb

Skill      XL: |  1  2  3  4  5  6 |
---------------+-------------------+-----
Axes           | 3 4 5 7 |  7.0
Fighting       | |  3.2
Armour         | |  3.2
Shields        | |  3.6

Action                   |  1- 3 |  4- 6 |  7- 9 || total
-------------------------+-------+-------+-------++-------
Melee: War axe           |    85 |   121 |       ||   206
       Whip              |       |    60 |     4 ||    64
Throw: Javelin           |       |       |     2 ||     2
       Dart              |       |       |     1 ||     1
 Abil: Dig               |     2 |       |       ||     2
  Eat: Chunk             |     3 |     5 |       ||     8
Armor: Scale mail        |    16 |       |       ||    16
       Plate armour      |    34 |   107 |     1 ||   142
Dodge: Dodged            |    22 |    42 |       ||    64
Block: Shield            |    51 |    87 |       ||   138
